Map: Orbital Shipyard

Players

HyuN

  • Race: Zerg Zerg
  • League: Master

Reality - Winner!

  • Race: Terran Terran
  • League: Master

Event: Team Gravity's Fight Night #37

VOD

https://youtu.be/dH7_hsdymMo?t=28m50s

Description

Time

  • Played on: Oct. 31, 2015, 8:14 p.m.
  • Length: 9:00

All games in this series

Show
View Real Time Build Order
Export as new Build Order

HyuN Zerg 

Build Orders: Hatch First 

Get SALT Encoding   

  12  0:01  Drone  
  13  0:13  Overlord  
  13  0:18  Drone  
  14  0:31  Drone x2  
  16  0:36  Drone  
  17  0:52  Hatchery  
  17  0:54  Drone  
  17  0:58  Drone  
  18  1:07  Extractor  
  17  1:12  Spawning Pool  
  17  1:14  Drone  
  18  1:18  Drone  
  18  1:29  Drone  
  19  1:39  Overlord  
  19  1:59  Queen  
  19  2:00  Zergling x2  
  23  2:01  Zergling x2  
  23  2:03  Queen  
  23  2:04  Drone  
  26  2:11  Metabolic Boost  
  26  2:13  Drone  
  26  2:15  Drone  
  28  2:25  Drone  
  28  2:29  Zergling x2  
  30  2:36  Queen  
  32  2:39  Queen  
  32  2:40  Overlord  
  32  2:43  Zergling x2  
  35  2:47  Drone  
  36  3:00  Zergling x2  
  36  3:02  Overlord  
  36  3:04  Drone  
  38  3:07  Drone  
  39  3:14  Queen  
  39  3:18  Drone x2, Overlord  
  42  3:31  Zergling x4  
  42  3:46  Queen  
  42  3:47  Drone x3  
  46  3:50  Queen, Zergling x4  
  50  4:03  Drone x2  
  50  4:04  Overlord  
  50  4:09  Drone  
  52  4:10  Drone x2, Extractor  
  52  4:11  Baneling Nest  
  52  4:15  Zergling x4  
  54  4:21  Queen  
  50  4:34  Zergling x10  
  50  4:37  Drone x2  
  57  4:39  Drone x2  
  59  4:46  Hatchery  
  58  4:53  Drone  
  58  4:54  Drone x2  
  58  5:31  Zergling x2  
  58  5:32  Zergling x14  
  62  5:47  Zergling x8  
  64  5:51  Hatchery  
  61  6:00  Zergling x2  
  61  6:01  Zergling x6  
  57  6:15  Zergling x16  
  65  6:21  Zergling x4  
  64  6:48  Zergling x2  
  64  6:49  Zergling x18  
  72  6:55  Zergling x2  
  72  6:59  Zergling x2  
  70  7:01  Overlord x2  
  70  7:02  Overlord x2  
  70  7:04  Zergling x2  
  71  7:12  Zergling x8  
  71  7:14  Zergling x2  
  71  7:15  Zergling x2  
  77  7:16  Zergling x2  
  77  7:18  Zergling x2  
  79  7:24  Baneling x19  
  79  7:25  Baneling x15  
  79  7:28  Zergling x14  
  79  7:29  Zergling x2  
  87  7:34  Zergling x6  
  87  7:35  Zergling x4  
  87  7:36  Zergling x4  
  93  7:40  Zergling x4  
  91  7:47  Zergling x6  
  91  7:49  Zergling x2  
  91  7:50  Zergling x4  
  91  7:56  Zergling x6  
  89  7:59  Zergling x6  
  89  8:01  Zergling x2  
  89  8:02  Zergling x10  
  77  8:09  Zergling x2  
  63  8:17  Baneling x6  
  63  8:18  Baneling x6  
  54  8:25  Zergling x4  
Show
View Real Time Build Order
Export as new Build Order

Reality Terran - Winner!

Build Orders: MMM Bio 

Get SALT Encoding   

  12  0:00  SCV  
  13  0:12  SCV  
  14  0:18  Supply Depot  
  14  0:25  SCV  
  15  0:32  Refinery  
  15  0:39  SCV  
  16  0:43  Barracks  
  16  0:51  SCV  
  17  1:00  Barracks  
  17  1:04  SCV  
  18  1:16  SCV  
  19  1:21  Barracks  
  19  1:31  Reaper, Refinery  
  20  1:42  Orbital Command  
  20  1:48  Reaper  
  21  2:00  Supply Depot  
  21  2:03  Reaper  
  21  2:08  Reaper  
  23  2:21  SCV, Reaper  
  25  2:23  Supply Depot  
  25  2:33  SCV  
  25  2:35  Reaper  
  27  2:40  Reaper  
  28  2:45  SCV  
  28  2:46  Supply Depot  
  29  2:53  Reaper  
  29  2:58  SCV  
  31  3:07  Reaper  
  31  3:11  SCV  
  32  3:14  Reaper  
  32  3:18  Command Center  
  33  3:25  SCV  
  33  3:31  Reaper  
  34  3:39  Reaper  
  35  3:43  SCV  
  35  3:48  Reaper  
  36  3:53  Supply Depot  
  36  3:55  SCV  
  37  4:03  Reaper  
  37  4:07  SCV  
  39  4:12  Command Center  
  39  4:15  Reaper  
  40  4:19  SCV  
  40  4:20  Reaper  
  38  4:31  SCV  
  38  4:33  Orbital Command  
  38  4:35  Factory  
  40  4:40  Barracks Reactor  
  40  4:43  SCV  
  40  4:48  Barracks Tech Lab  
  40  4:52  Barracks Reactor  
  40  4:55  SCV  
  41  5:00  SCV  
  42  5:07  SCV  
  42  5:09  Stimpack, Marine  
  42  5:13  SCV  
  45  5:16  Engineering Bay  
  45  5:17  Engineering Bay  
  45  5:20  SCV  
  46  5:31  Marine x2  
  46  5:32  SCV  
  49  5:37  Marine x3  
  49  5:38  Orbital Command  
  49  5:39  Starport  
  49  5:40  SCV  
  49  5:41  Factory Reactor  
  53  5:44  SCV  
  53  5:45  Refinery  
  53  5:47  Refinery  
  54  5:51  Marine x2  
  54  5:52  SCV  
  54  5:55  Marine  
  54  5:56  SCV  
  55  6:04  Marine  
  55  6:05  Marine  
  55  6:08  SCV  
  58  6:13  Marine x3  
  58  6:16  Terran Infantry Armor Level 1  
  61  6:19  SCV  
  61  6:20  SCV  
  61  6:21  SCV  
  61  6:22  Marine  
  65  6:31  SCV, Marine x4  
  65  6:32  SCV, Medivac x2  
  75  6:33  SCV  
  75  6:39  Marine  
  76  6:44  SCV, Factory Reactor  
  78  6:47  Terran Infantry Weapons Level 1  
  78  6:49  SCV, Supply Depot, Marine x4  
  78  6:51  Supply Depot  
  83  6:54  Orbital Command  
  83  6:56  SCV  
  83  6:57  Marine  
  80  7:07  Marine x4  
  84  7:08  SCV  
  84  7:10  Barracks  
  84  7:11  Barracks, Medivac x2  
  84  7:12  Combat Shields  
  84  7:14  SCV  
  84  7:15  Marine  
  90  7:21  SCV x2  
  93  7:23  Widow Mine x2  
  93  7:24  Supply Depot  
  97  7:31  Marine x4  
  101  7:37  Bunker  
  101  7:39  SCV, Bunker  
  90  7:53  Marine  
  90  7:54  Marine x2  
  90  7:55  Marine, Orbital Command, Widow Mine x2  
  90  7:57  Marine  
  85  8:02  SCV  
  72  8:11  Marine  
  72  8:12  Marine  
  67  8:15  Marine  
  66  8:21  Orbital Command  
  63  8:28  Widow Mine  
  63  8:29  Marine  
  63  8:30  Marine  
  63  8:32  SCV  
  63  8:33  Marine  
  65  8:42  SCV  
  65  8:45  SCV  

Tags
 
Add a new tag
Caveats
  • Supply blocks, unpowered buildings, or Contaminate may cause inaccurate times.
  • Supply counts are checked every 10 seconds.